 Dungeon Crawl Stone Soup version 0.30-a0-305-g026cb31310 (webtiles) character file.

Game seed: 8766465475536867764

212 themarg the Trooper (level 5, 0/51 HPs)
             Began as a Minotaur Fighter on Oct 24, 2022.
             Killed by divine providence
             ... invoked by an orc priest
              (14 damage)
             ... on level 4 of the Dungeon.
             The game lasted 00:06:01 (2015 turns).

themarg the Trooper (Minotaur Fighter)              Turns: 2015, Time: 00:06:02

Health: 0/51       AC: 12    Str: 22    XL:     5   Next: 58%
Magic:  4/4        EV:  9    Int:  5    God:
Gold:   135        SH:  5    Dex: 10    Spells: 4/4 levels left

rFire   . . .      SeeInvis .    a - +0 flail
rCold   . . .      Faith    .    c - +0 buckler
rNeg    . . .      Spirit   .    b - +0 scale mail
rPois   .          Reflect  .    (helmet restricted)
rElec   .          Harm     .    (no cloak)
rCorr   .          Rampage  .    (no gloves)
Will    .....                    m - +0 pair of boots
Stlth   ..........               (no amulet)
HPRegen 0.28/turn                v - +4 ring of protection
MPRegen 0.09/turn                (no ring)

@: no status effects
A: horns 2, retaliatory headbutt
a: no special abilities


You were on level 4 of the Dungeon.
You visited 1 branch of the dungeon, and saw 4 of its levels.

You collected 135 gold pieces.

Inventory:

Hand Weapons
 a - a +0 flail (weapon)
Missiles
 f - 34 stones (quivered)
 g - 4 datura-tipped darts
 o - 4 atropa-tipped darts
 t - a throwing net
Armour
 b - a +0 scale mail (worn)
 c - a +0 buckler (worn)
 m - a +0 pair of boots (worn)
Jewellery
 v - a +4 ring of protection (left hand)
Scrolls
 e - 2 scrolls of teleportation
 h - 2 scrolls of immolation
 k - a scroll of summoning {unknown}
 q - a scroll of poison {unknown}
 r - a scroll of enchant armour {unknown}
 s - a scroll of fear {unknown}
Potions
 d - 6 potions of might
 i - a potion of flight
 j - 3 potions of curing
 l - 2 potions of heal wounds
 n - a potion of brilliance {unknown}
 p - a potion of lignification {unknown}
 u - a potion of resistance {unknown}


   Skills:
 * Level 6.8 Fighting
 - Level 2.4 Maces & Flails
 - Level 3.6 Armour
 - Level 5.0 Shields


You had 4 spell levels left.
You didn't know any spells.
Your spell library contained the following spells:

 Spells                   Type           Power      Damage    Failure   Level
 Summon Lightning Spire   Summ/Air       0%         N/A       100%        4
 Iskenderun's Battlesphe  Conj           0%         2d6       100%        5
 Iron Shot                Conj/Erth      0%         9d1       100%        6
 Spellforged Servitor     Conj/Summ      0%         N/A       100%        7
 Storm Form               Tmut/Air       0%         N/A       100%        7
 Maxwell's Capacitive Co  Air            0%         ∞         100%        8


Dungeon Overview and Level Annotations

Branches:
Dungeon (4/15)
 Temple: D:4-7

Altars:
Cheibriados
Dithmenos
Qazlal
Sif Muna
Trog
Uskayaw
Yredelemnul
The Shining One


Innate Abilities, Weirdness & Mutations

You have a pair of horns on your head.
You reflexively headbutt those who attack you in melee.


Message History

You block the orc's attack. The orc closely misses you.
You hit the orc.
You kill the orc!
The orc closely misses you. You block the orc's attack.
The orc hits you from afar with a +0 trident.
You closely miss the orc. Your headbutt misses the orc.
You block the orc's attack. The orc hits you but does no damage.
You barely miss the orc. The orc closely misses you.
You block the orc's attack.
You barely miss the orc. The orc barely misses you.
The orc hits you but does no damage.
You closely miss the orc. You headbutt the orc!
You kill the orc!
You block the orc's attack. The orc barely misses you.
The orc priest invokes the aid of Beogh against you.
Pain shoots through your body!
The orc priest hits you with a +0 hand axe.
The orc hits you but does no damage.
Items here: ))) [[ ††.
You closely miss the orc priest.
The orc priest mumbles some strange prayers to Beogh against you.
Beogh smites you! The orc barely misses you. You furiously retaliate!
You headbutt the orc!
You kill the orc!
You are too injured to fight recklessly!
You are too injured to fight recklessly!
You sock the orc priest!
The orc priest is heavily wounded.
The orc priest hits you with a +0 hand axe.
You barely miss the orc priest.
The orc priest is heavily wounded.
The orc priest barely misses you.
The orc priest invokes the aid of Beogh against you.
Pain shoots through your body!
* * * LOW HITPOINT WARNING * * *
You hit the orc priest.
The orc priest is severely wounded.
The orc priest invokes the aid of Beogh against you.
Beogh smites you!
You die...

o.# !o# #.## ######## o.# ....
#......# o.# #.#. ####.####.# ..#
#.#. ####....# #.# ..##### #.#.
........# #.#####.?..... #.#.
####.##.####....@)..# #######...
####.##....######o...........>...
.....##...........#.#########..##
#######....######...# #.......##
#.#.## ##### #.#####.## #.#.##
#.# #.## #....######### #.# #.##
#............# #.# #.##
##..†#######.# #.# #.#


You could see an orc priest.

Vanquished Creatures
  Terence (D:2)
  An iguana (D:4)
  An orc wizard (D:4)
  Robin (D:2)
  5 adders
  2 dart slugs
  5 orcs
  4 endoplasms
  A giant cockroach (D:1)
  14 goblins
  5 hobgoblins
  7 kobolds
  7 quokkas
  9 ball pythons
  3 bats
  2 frilled lizards (D:1)
  3 rats
71 creatures vanquished.

Notes
Turn   | Place    | Note
-------+----------+-------------------------------------------
     0 | D:1      | themarg the Minotaur Fighter began the quest for the Orb.
     0 | D:1      | Reached XP level 1. HP: 19/19 MP: 0/0
    36 | D:1      | Reached skill level 4 in Fighting
    41 | D:1      | Reached XP level 2. HP: 27/27 MP: 1/1
    44 | D:1      | Found a faded altar of an unknown god.
   541 | D:2      | Reached XP level 3. HP: 33/34 MP: 2/2
   679 | D:2      | Noticed Robin
   684 | D:2      | Reached skill level 5 in Fighting
   695 | D:2      | Killed Robin
   715 | D:2      | Noticed Terence
   722 | D:2      | Killed Terence
   723 | D:2      | Reached XP level 4. HP: 29/42 MP: 3/3
  1224 | D:3      | Found a glowing golden altar of the Shining One.
  1224 | D:3      | Found a shimmering blue altar of Sif Muna.
  1226 | D:3      | Found a stormy altar of Qazlal.
  1226 | D:3      | Found a hide-covered altar of Uskayaw.
  1227 | D:3      | Found a basalt altar of Yredelemnul.
  1228 | D:3      | Found a snail-covered altar of Cheibriados.
  1228 | D:3      | Found a bloodstained altar of Trog.
  1229 | D:3      | Found a shadowy altar of Dithmenos.
  1504 | D:3      | Reached skill level 6 in Fighting
  1530 | D:3      | Reached XP level 5. HP: 50/50 MP: 4/4
  1739 | D:4      | Reached skill level 5 in Shields
  2015 | D:4      | Killed from afar by an orc priest

Illustrated notes

Levels and vault maps discovered:
D:1:      dpeg_arrival_connections, layout_rooms, ebering_ecumenical_altar_hall
D:2:      layout_rooms, st_stairs_4, uniq_robin, uniq_terence
D:3:      layout_rooms, grunt_temple_overflow_open, minmay_mini_jars
D:4:      layout_loops_ring

Skill      XL: |  1  2  3  4  5 |
---------------+----------------+-----
Fighting       | 4 5 6 |  6.8
Shields        | 4 5 |  5.0
Maces & Flails | |  2.4
Armour         | |  3.6

Action                   |  1- 3 |  4- 6 || total
-------------------------+-------+-------++-------
Melee: Flail             |    77 |    88 ||   165
       Headbutt          |    12 |     8 ||    20
  Use: Scroll            |       |     5 ||     5
Armor: Scale mail        |    39 |    48 ||    87
Dodge: Dodged            |    43 |    42 ||    85
Block: Buckler           |    23 |    28 ||    51

Table legend: (Time is in decaauts)
 A = Elapsed time spent in this place.
 B = Non-inter-level travel time spent in this place.
 C = Inter-level travel time spent in this place.
 D = Time resting spent in this place.
 E = Time spent auto-exploring this place.
 F = Levels seen in this place.
 G = Mean time per level.
                   A        B        C        D        E       F      G
               +--------+--------+--------+--------+--------+-----+--------+
         Total |   2065 |   2019 |     46 |     18 |   1519 |   4 |  516.2 |
       Dungeon |   2065 |   2019 |     46 |     18 |   1519 |   4 |  516.2 |
               +--------+--------+--------+--------+--------+-----+--------+

Top non-repeatable levels by time:
     D:3: 583 daAuts
     D:2: 543 daAuts
     D:1: 542 daAuts
     D:4: 396 daAuts
